AoeStats
← felixpouteau920

Arena

506482954Analyzed
1v1 RM · 17d ago on Sep 13, 2026· 72m 40s· 2 players
Game mode
Random Map
Map size
Tiny (2 player)
Population
200
Speed
Normal
Resources
Standard
Victory
Conquest
Starting age
Dark Age
Ending age
Imperial Age
RankedLock teamsTeams togetherTeam positionsShared explorationLock speedFull tech treeHidden civsTurbo modeCheats
Victory
Defeat
🇦🇷 Malay · Argentina
762
+17
🇫🇷 Goths · France
781
-22
MAREKE
8:41 Loom
10:57 Feudal Age
11:20 Double-Bit Axe
13:05 Horse Collar
18:56 Castle Age
17:04 Gold Mining
19:06 Forging
18:25 Man-at-Arms
20:01 Wheelbarrow
20:04 Bow Saw
20:04 Husbandry
24:58 Scale Barding Armor
25:30 Iron Casting
26:53 Gold Shaft Mining
27:45 Town Watch
34:53 Hand Cart
37:57 Imperial Age
37:50 Cavalier
39:11 Heavy Scorpion
45:00 Fletching
46:33 Ballistics
46:19 Siege Engineers
46:29 Forced Levy
47:13 Conscription
47:46 Elite Karambit Warrior
56:21 Blast Furnace
felixpouteau920
9:56 Feudal Age
9:42 Loom
10:32 Horse Collar
10:43 Double-Bit Axe
10:55 Gold Mining
14:58 Stone Mining
20:44 Castle Age
21:30 Forging
21:21 Scale Mail Armor
22:10 Bow Saw
22:53 Iron Casting
22:58 Stone Shaft Mining
22:49 Pikeman
27:35 Squires
29:14 Anarchy
37:05 Imperial Age
36:06 Chain Mail Armor
38:57 Two-Man Saw
37:22 Halberdier
39:04 Blast Furnace
39:14 Perfusion
40:33 Elite Huskarl
42:20 Wheelbarrow
41:52 Heavy Plow
46:17 Hand Cart
Connection lost

Rejoining the realm…

Still unreachable

The connection could not be restored.

Session expired

The server has moved on; the page needs a fresh start.